 Dungeon Crawl Stone Soup version 0.24-a0-581-gc0fa6600bf (webtiles) character file.

Game seed: 16981977877636599387

568762 Kisielow the Shatterer (level 26, -6/122 HPs)
             Began as a Gargoyle Fighter on Aug 21, 2019.
             Was the Champion of Qazlal.
             Killed by divine providence
             ... invoked by a daeva
              (13 damage)
             ... on level 3 of the Abyss on Aug 25, 2019.
             The game lasted 03:49:05 (63060 turns).

Kisielow the Shatterer (Gargoyle Fighter)          Turns: 63060, Time: 03:49:05

Health: -6/122     AC: 50    Str: 46      XL:     26   Next: 89%
Magic:  0/36       EV: 17    Int:  4 (6)  God:    Qazlal [******]
Gold:   6183       SH: 37    Dex:  9      Spells: 25/25 levels left

rFire    x . .     SeeInvis +   z - +8 mace of the Purse {freeze, *Slow rF- MR+++ SInv}
rCold    . . .     Gourm    .   j - +2 large shield {rN+}
rNeg     + + +     Faith    .   r - +6 chain mail of Instinct {*Drain +Blink rC- Str+9}
rPois    ∞         Spirit   +   V - +1 helmet of Least Resistance {rC+}
rElec    +         Reflect  .   K - +0 cloak {rPois}
rCorr    .         Harm     .   u - +2 pair of gloves
MR       ++++.                  l - +2 pair of boots
Stlth    ..........             D - amulet of guardian spirit
HPRegen  0.00/turn              N - ring of Phasing {EV+8}
MPRegen  0.25/turn              Q - ring of the Bouncing Emperors {rN+ Str+6}

@: about to teleport, protected from electricity, flying, hasted, glowing, repel
missiles, very quick
A: big wings, [blurry vision 3], [deformed body], [deterioration 2], [dopey 2],
[frail 3], mutation resistance 1, negative energy resistance 1, regeneration 1,
screaming 2, electricity resistance, [inhibited regeneration], unbreathing,
petrification resistance, [no potion heal 2], rot immunity, AC +20
}: 3/15 runes: decaying, serpentine, slimy
a: Stop Flying, Upheaval, Elemental Force, Disaster Area, Renounce Religion,
Evoke Blink


You were on level 3 of the Abyss.
You worshipped Qazlal.
Qazlal was exalted by your worship.
You were not hungry.

You visited 10 branches of the dungeon, and saw 47 of its levels.
You visited the Abyss 2 times.

You collected 6692 gold pieces.
You spent 509 gold pieces at shops.

Inventory:

Hand Weapons
 b - a +3 demon whip of venom
 g - a +2 demon whip of draining
 v - a +2 antimagic demon whip
 z - the +8 mace of the Purse (weapon) {freeze, *Slow rF- MR+++ SInv}
   (You found it on level 6 of the Dungeon)

   It has been specially enchanted to freeze those struck by it, causing extra
   injury to most foes and up to half again as much damage against particularly
   susceptible opponents.
   It can also slow down cold-blooded creatures.
   It makes you vulnerable to fire.
   It affects your resistance to hostile enchantments.
   It lets you see invisible.
   It may slow you when you take damage.
Armour
 j - a +2 large shield of positive energy (worn)
 l - a +2 pair of boots (worn)
 r - the +6 chain mail of Instinct (worn) {*Drain +Blink rC- Str+9}
   (You found it on level 4 of the Dungeon)

   It affects your strength (+9).
   It makes you vulnerable to cold.
   It lets you blink.
   It causes draining when unequipped.
 u - a +2 pair of gloves (worn)
 K - a +0 cloak of poison resistance (worn)
 V - the +1 helmet of Least Resistance (worn) {rC+}
   (You found it on level 3 of the Elven Halls)

   It protects you from cold.
Jewellery
 a - the ring of Qoely {MR+ MP-9 AC+1 SInv Stlth+}
   (You found it on level 5 of the Pits of Slime)

   [ring of protection]

   It affects your AC (+1).
   It affects your resistance to hostile enchantments.
   It affects your magic capacity (-9).
   It lets you see invisible.
   It makes you more stealthy.
 c - an uncursed ring of resist corrosion
 i - a +3 ring of evasion {unknown}
 s - an uncursed ring of protection from fire
 D - an amulet of guardian spirit (around neck)
 F - an uncursed ring of protection from fire
 M - an uncursed ring of ice
 N - the ring of Phasing (left hand) {EV+8}
   (You found it on level 5 of the Lair of Beasts)

   [ring of evasion]

   It affects your evasion (+8).
 P - the ring of Obsession {rC+ MR+}
   (You took it off a deep elf annihilator on level 3 of the Elven Halls)

   [ring of protection from cold]

   It protects you from cold.
   It affects your resistance to hostile enchantments.
 Q - the ring of the Bouncing Emperors (right hand) {rN+ Str+6}
   (You found it on level 13 of the Dungeon)

   [ring of strength]

   It affects your strength (+6).
   It protects you from negative energy.
Wands
 m - a wand of digging (3)
 p - a wand of random effects (16)
 w - a wand of acid (9)
 y - a wand of scattershot (7)
 G - a wand of polymorph (29)
 H - a wand of clouds (32)
 I - a wand of iceblast (29)
 S - a wand of paralysis (58)
Scrolls
 e - a scroll of silence
 h - a scroll of magic mapping
 n - 9 scrolls of identify
 x - 6 scrolls of fear
 B - 16 scrolls of remove curse
Potions
 d - a potion of agility
 k - 15 potions of curing
 q - 2 potions of mutation
 t - a potion of magic
 A - a potion of haste
 E - 4 potions of brilliance
 O - 2 potions of invisibility
 X - 4 potions of cancellation
 Z - 2 potions of might
Miscellaneous
 U - a lightning rod (4/4)
Comestibles
 f - 46 rations


   Skills:
 + Level 20.4 Fighting
 * Level 25.2 Maces & Flails
 + Level 20.5 Armour
 + Level 20.5 Shields
 - Level 18.0 Invocations
 - Level 7.1 Evocations


You had 25 spell levels left.
You didn't know any spells.
Your spell library contained the following spells:

 Spells                   Type           Power        Failure   Level  Hunger
 Animate Skeleton         Necr           N/A          88%         1    ##.....
 Confusing Touch          Hex            #.....       88%         1    ##.....
 Corona                   Hex            #......      88%         1    ##.....
 Flame Tongue             Conj/Fire      #....        88%         1    ##.....
 Freeze                   Ice            #...         88%         1    ##.....
 Infusion                 Chrm           #...         88%         1    ##.....
 Magic Dart               Conj           #...         88%         1    ##.....
 Sandblast                Erth           #.....       88%         1    ##.....
 Sting                    Conj/Pois      #...         88%         1    ##.....
 Blink                    Tloc           N/A          96%         2    ###....
 Call Imp                 Summ           #.......     96%         2    ###....
 Corpse Rot               Necr           N/A          96%         2    ###....
 Ensorcelled Hibernation  Hex/Ice        #.....       96%         2    ###....
 Passwall                 Tmut/Erth      #.......     96%         2    ###....
 Poisonous Vapours        Pois/Air       #.....       96%         2    ###....
 Searing Ray              Conj           #.....       96%         2    ###....
 Shroud of Golubria       Chrm/Tloc      #.....       96%         2    ###....
 Slow                     Hex            #.......     96%         2    ###....
 Swiftness                Chrm/Air       #.......     96%         2    ###....
 Throw Frost              Conj/Ice       #.....       96%         2    ###....
 Confuse                  Hex            #.......     99%         3    ####...
 Conjure Flame            Conj/Fire      #.......     99%         3    ####...
 Dazzling Spray           Conj/Hex       #.....       99%         3    ####...
 Gell's Gravitas          Tloc           #.........   99%         3    ####...
 Ignite Poison            Fire/Tmut/Pois #.......     99%         3    ####...
 Inner Flame              Hex/Fire       #.......     99%         3    ####...
 Mephitic Cloud           Conj/Pois/Air  #.......     99%         3    ####...
 Ozocubu's Armour         Chrm/Ice       #.......     99%         3    ####...
 Portal Projectile        Hex/Tloc       #.....       99%         3    ####...
 Recall                   Summ/Tloc      N/A          99%         3    ####...
 Regeneration             Chrm/Necr      #.........   99%         3    ####...
 Stone Arrow              Conj/Erth      #.....       99%         3    ####...
 Tukima's Dance           Hex            #.......     99%         3    ####...
 Animate Dead             Necr           N/A          100%        4    #####..
 Cause Fear               Hex            #.........   100%        4    #####..
 Force Lance              Conj/Tloc      #.......     100%        4    #####..
 Fulminant Prism          Conj/Hex       #.........   100%        4    #####..
 Ice Form                 Ice/Tmut       #.......     100%        4    #####..
 Iskenderun's Mystic Bla  Conj           #.......     100%        4    #####..
 Leda's Liquefaction      Hex/Erth       #.........   100%        4    #####..
 Olgreb's Toxic Radiance  Pois           #.......     100%        4    #####..
 Passage of Golubria      Tloc           N/A          100%        4    #####..
 Petrify                  Tmut/Erth      #.......     100%        4    #####..
 Summon Ice Beast         Ice/Summ       #.......     100%        4    #####..
 Throw Icicle             Conj/Ice       #.......     100%        4    #####..
 Borgnjor's Vile Clutch   Necr/Erth      #.........   100%        5    ######.
 Fireball                 Conj/Fire      #.........   100%        5    ######.
 Lee's Rapid Deconstruct  Erth           #.........   100%        5    ######.
 Metabolic Englaciation   Hex/Ice        #.........   100%        5    ######.
 Summon Forest            Summ/Tloc      #.........   100%        5    ######.
 Venom Bolt               Conj/Pois      #.........   100%        5    ######.
 Yara's Violent Unravell  Hex/Tmut       #.........   100%        5    ######.
 Bolt of Fire             Conj/Fire      #.........   100%        6    #######
 Darkness                 Hex            #.........   100%        6    #######
 Death Channel            Necr           #.........   100%        6    #######
 Dispersal                Tloc           #.........   100%        6    #######
 Hydra Form               Tmut           #.........   100%        6    #######
 Invisibility             Hex            #.......     100%        6    #######
 Simulacrum               Ice/Necr       #.........   100%        6    #######
 Orb of Destruction       Conj           #.........   100%        7    #######
 Ring of Flames           Chrm/Fire      #.........   100%        7    #######
 Spellforged Servitor     Conj/Summ      #.........   100%        7    #######
 Summon Hydra             Summ           #.........   100%        7    #######
 Controlled Blink         Tloc           N/A          100%        8    #######
 Disjunction              Tloc           #.........   100%        8    #######
 Ignition                 Fire           #.........   100%        8    #######
 Sublimation of Blood     Necr           Unusable     N/A         2    N/A

Dungeon Overview and Level Annotations

Branches:
Dungeon (15/15)            Temple (1/1) D:5            Lair (6/6) D:10
  Swamp (4/4) Lair:2        Snake (4/4) Lair:4        Slime (5/5) Lair:5
    Orc (2/2) D:11            Elf (3/3) Orc:2        Vaults (4/5) D:13
  Crypt (0/3) Vaults:3     Depths (3/5) D:15

Altars:
Ashenzari
Cheibriados
Dithmenos
Elyvilon
Fedhas
Gozag
Hepliaklqana
Kikubaaqudgha
Makhleb
Nemelex Xobeh
Okawaru
Qazlal
Ru
Sif Muna
Trog
Uskayaw
Vehumet
Wu Jian
Xom
Yredelemnul
Zin
The Shining One
Beogh

Shops:
D:15 ***   Orc:2 !([?   Elf:1 (   Elf:2 *=}=   Vaults:3 :   Depths:2 **%[[

Portals:
Hell: Depths:1 Depths:3
Abyss: Depths:3
Pandemonium: Depths:2 Depths:3

Annotations:
Depths:2 2 transporters, exclusion: obsidian statue


Innate Abilities, Weirdness & Mutations

You are resistant to torment.
Your stone body is resilient. (AC +20)
You are immune to poison.
Your large and strong wings let you fly indefinitely.
You resist negative energy. (rN+)
You are resistant to electric shocks. (rElec)
You can survive without breathing.
You are immune to petrification.
You are immune to rotting.
You are somewhat resistant to further mutation.
Your natural rate of healing is unusually fast.
You sometimes yell uncontrollably at your foes.
[Scrolls take you much longer to read.]
[Armour fits poorly on your strangely shaped body.]
[Your body often deteriorates upon taking damage.]
[You are very dopey. (Int -4)]
[You are extremely frail. (-30% HP)]
[You do not regenerate when monsters are visible.]
[Potions are poor at restoring your health.]


Message History

The daeva calls down the wrath of the Shining One upon you.
The Shining One smites you!
* * * LOW HITPOINT WARNING * * *
A tentacle flies out from the starspawn's body!
A starspawn tentacle comes into view.
Your system partially rejects the healing.
You feel better.
The insubstantial wisp thrums sharply.
You resist.
You are struck by an arc of lightning.
* * * LOW HITPOINT WARNING * * *
You feel more protected from electricity.
The starspawn tentacle is struck by an arc of lightning.
The tentacled starspawn is struck by an arc of lightning.
The starspawn tentacle is struck by an arc of lightning!
The lightning grounds out.
Your system partially rejects the healing.
You feel better. You block the warg's attack.
The daeva calls down the wrath of the Shining One upon you.
The Shining One smites you!
You die... . .. ##X.#. #.# #.#.# XX#

#.# . # #.#.
.#.### ...# ..
##...#X ### #
#..
#.§#...#.§# .
#... .X..#X..#
#...#A.#X#.#.#
#.§v##X#h###
.#.#@w#### ..
##h.# ###.#.x#
.##..h #..# .
## # ##


You could see a starcursed mass, a daeva, a tentacled starspawn, a warg, a
starspawn tentacle and an insubstantial wisp.

Vanquished Creatures
  Sojobo (Vaults:4)
  Bai Suzhen (Swamp:3)
  Vashnia (Snake:3)
  Xtahua (Vaults:3)
  Nikola (Vaults:1)
  2 golden dragons (Depths:3)
  5 bone dragons
  The ghost of Nuvvusock the Eclecticist, an adept GnWz of Ashenzari (Depths:1)
  Rupert (Snake:1)
  3 tentacled monstrosities
  A deep elf blademaster (Elf:3)
  Jorgrun (Swamp:2)
  The ghost of Lanycw Bisch the Nimble, an adept GnFi of Makhleb (Elf:2)
  6 liches
  4 deep elf master archers (Elf:3)
  32 acid blobs
  2 Executioners
  3 sphinxes
  10 tentacled starspawn
  5 tengu reavers
  2 thorn hunters (Swamp:3)
  Kirke (Snake:1)
  A shadow dragon (Depths:3)
  Roxanne (Swamp:2)
  2 storm dragons
  18 azure jellies
  3 fire giants (Depths:3)
  A draconian monk (Abyss:3)
  16 nagarajas
  10 deep elf sorcerers
  An iron dragon (Depths:3)
  5 frost giants
  A daeva (Abyss:3)
  An orc warlord (Orc:1)
  Aizul (Snake:2)
  3 balrugs
  13 vault wardens
  An angel (Abyss:3)
  A cacodemon (Abyss:1)
  A reaper (Abyss:1)
  2 deep elf elementalists (Elf:3)
  13 very ugly things (Depths:3)
  13 ironheart preservers
  6 deep elf demonologists (Elf:3)
  12 stone giants
  An entropy weaver (Vaults:1)
  A black draconian (Abyss:1)
  2 vampire knights
  Nessos (D:13)
  8 deep elf annihilators
  A red draconian (Abyss:3)
  7 ettins
  A dire elephant (Lair:6)
  An eidolon (Abyss:1)
  A merfolk impaler (Depths:2)
  4 death oozes
  A blizzard demon (Depths:2)
  124 slime creatures
  4 deep elf death magi
  17 yaktaur captains
  2 jiangshi (Depths:2)
  9 deep elf high priests
  9 fire dragons
  19 great orbs of eyes
  12 rakshasas
  13 vault guards
  25 hydras
  2 ghost crabs (Swamp:3)
  13 naga warriors
  8 ice dragons
  3 spriggan air magi
  9 centaur warriors
  10 alligators
  3 catoblepae
  A shambling mangrove (Swamp:3)
  14 anacondas
  4 death knights
  9 death yaks
  25 two-headed ogres
  27 dancing weapons
  4 tengu warriors
  10 ogre magi
  The ghost of Gargoyl the Chopper, a novice CeAK of Lugonu (D:10)
  7 deep troll shamans
  9 thrashing horrors
  An orc high priest (Orc:2)
  8 shock serpents
  4 spriggan berserkers
  A vampire mage (Depths:2)
  15 naga sharpshooters
  A titan zombie (Abyss:3)
  6 deep troll earth magi
  40 large abominations
  15 deep elf knights
  A soul eater (Abyss:1)
  4 sun demons
  40 small abominations
  A shadow wraith (Abyss:2)
  3 iron trolls
  3 sixfirhies
  19 wretched stars
  2 spatial maelstroms
  A spark wasp zombie (Depths:3)
  3 salamander mystics
  A death drake (shapeshifter) (Depths:1)
  A ghost moth zombie (Abyss:2)
  19 deep trolls
  A death drake (Abyss:2)
  4 glowing orange brains
  2 golden dragon zombies
  5 unseen horrors
  19 skeletal warriors
  10 swamp dragons
  An obsidian statue (Elf:2)
  7 wizards
  Pikel (D:7)
  6 flayed ghosts
  3 lindwurms
  A shadow demon (Abyss:3)
  3 phantasmal warriors
  7 naga ritualists
  52 deep elf magi
  12 deep elf archers
  24 ironbrand convokers
  9 orc knights
  3 necromancers
  11 mana vipers
  A mana viper (shapeshifter) (Depths:3)
  5 harpies
  34 ugly things
  4 wolf spiders
  A tengu skeleton (Depths:3)
  A frost giant zombie (Depths:1)
  4 oklob plants (Lair:5)
  An orc sorcerer (Vaults:1)
  9 shining eyes
  A shining eye (shapeshifter) (Depths:1)
  12 salamanders
  5 cyclopes
  An iron dragon skeleton (Depths:3)
  8 worldbinders
  3 sphinx skeletons
  3 elephants
  5 manticores
  2 rust devils
  15 guardian serpents
  8 vault sentinels
  A frost giant skeleton (Abyss:1)
  2 fire giant skeletons
  25 black mambas
  15 naga magi
  2 gargoyles
  2 eyes of devastation
  15 smoke demons
  15 spiny frogs
  Psyche (D:8)
  5 apocalypse crabs
  3 orange demons
  A torpor snail (Lair:6)
  3 kobold demonologists (D:13)
  44 yaktaurs
  10 freezing wraiths
  8 rime drakes
  3 efreet
  10 komodo dragons
  3 yaktaur skeletons (Vaults:3)
  2 ice devils
  A tormentor (Abyss:2)
  2 hellwings
  A demonic crawler (Abyss:2)
  3 red devils
  2 meliai (shapeshifter)
  4 polar bears
  20 ancient zymes
  4 tyrant leeches
  2 queen bees (shapeshifter)
  6 trolls
  5 bog bodies
  10 hornets
  27 blink frogs
  2 dream sheep (Lair:6)
  8 hippogriffs
  42 raiju
  A spriggan zombie (Depths:1)
  3 flying skulls
  3 shadows
  2 vampires
  3 air elementals
  A spriggan (shapeshifter) (Depths:1)
  3 spriggans (Depths:3)
  5 water elementals
  A yak (shapeshifter) (Depths:2)
  2 wyverns
  17 ynoxinuls
  94 starcursed masses
  13 wraiths
  4 fire elementals
  5 fire bats
  55 yaks
  6 hungry ghosts
  A basilisk (shapeshifter) (Vaults:4)
  3 hogs (Snake:1)
  8 golden eyes
  3 basilisks
  9 vampire mosquitoes
  11 chaos spawn
  A yaktaur simulacrum (Vaults:3)
  A steam dragon (shapeshifter) (Depths:3)
  10 neqoxecs
  13 swamp worms
  An elf skeleton (Depths:3)
  7 insubstantial wisps
  2 human simulacra (Vaults:2)
  2 wargs
  An acid dragon (shapeshifter) (Elf:1)
  2 soldier ants (D:13)
  3 acid dragons
  52 nagas
  7 water moccasins
  A hell hound (Abyss:1)
  2 ice beasts
  A slave (D:7)
  A human zombie (Vaults:3)
  8 porcupines
  2 phantoms
  12 swamp drakes
  5 sky beasts
  2 black bears
  A hornet zombie (D:9)
  44 orc warriors
  The ghost of Seacu the Conjurer, an amateur FeCj of Vehumet (D:4)
  An ettin simulacrum (Abyss:3)
  An eye of draining (shapeshifter) (Depths:2)
  26 ogres
  2 necrophages
  11 boggarts
  9 eyes of draining
  13 wolves
  6 human skeletons (Vaults:3)
  22 centaurs
  9 crocodiles
  4 big kobolds
  5 earth elementals (Elf:2)
  A wyvern zombie (D:13)
  21 bullfrogs
  A wyvern skeleton (D:9)
  6 scorpions
  An elf simulacrum (Vaults:2)
  10 killer bees
  2 howler monkeys (D:9)
  8 wights
  An electric eel (D:7)
  10 crimson imps
  4 bullfrog zombies
  6 hounds
  10 quasits
  5 iron imps
  4 centaur zombies
  4 jellies
  Crazy Yiuf (D:3)
  22 orc priests
  27 orc wizards
  4 centaur skeletons
  An iguana (D:13)
  Terence (D:3)
  Natasha (thrice) (D:3)
  6 hell rats (Lair:6)
  11 worker ants
  Ijyb (D:3)
  A centaur simulacrum (D:4)
  A howler monkey zombie (D:5)
  2 worker ant zombies
  A howler monkey skeleton (D:10)
  11 gnolls
  A gnoll (shapeshifter) (Vaults:2)
  6 adders
  7 shadow imps
  7 white imps
  A worker ant simulacrum (D:4)
  9 ufetubi
  An ooze (D:2)
  An adder zombie (D:5)
  2 worms
  2 dart slugs (D:2)
  2 adder simulacra (D:4)
  5 leopard geckos
  97 orcs
  2 ball pythons (D:4)
  5 bats
  6 giant cockroaches
  2 goblins
  4 hobgoblins
  9 jackals
  18 kobolds
  3 quokkas
  2 frilled lizards (D:2)
  A quokka simulacrum (D:4)
  5 rats
  2 crawling corpses (Elf:3)
  3 lurking horrors
  11 starspawn tentacles
2380 creatures vanquished.

Vanquished Creatures (collateral kills)
  the Royal Jelly (Slime:5)
  2 acid blobs (Slime:5)
  A dancing weapon (Elf:2)
  2 deep elf magi (Elf:2)
  A ynoxinul (Abyss:3)
7 creatures vanquished.

Vanquished Creatures (others)
  An alligator (Swamp:3)
  An ogre mage (Vaults:1)
  2 deep elf magi
  2 guardian serpents (Snake:4)
  A tyrant leech (Swamp:2)
  2 raiju (Abyss:3)
  3 slime creatures (Swamp:3)
  A water elemental (Elf:2)
  A shadow (Abyss:3)
  A chaos spawn (Abyss:3)
  A swamp worm (Swamp:3)
  A naga (Snake:4)
  3 insubstantial wisps (Swamp:3)
  A boggart (Depths:2)
  A spiny frog simulacrum (Abyss:1)
  A quasit (Depths:2)
  A starcursed mass (Abyss:1)
  3 white imps (Abyss:3)
  A jackal (D:7)
  7 fungi
  3 lurking horrors
  9 plants
  47 starspawn tentacles
  6 toadstools (Lair:4)
100 creatures vanquished.

Grand Total: 2487 creatures vanquished

Notes
Turn   | Place    | Note
-------+----------+-------------------------------------------
     0 | D:1      | Kisielow the Gargoyle Fighter began the quest for the Orb.
     0 | D:1      | Reached XP level 1. HP: 14/14 MP: 1/1
   170 | D:1      | Reached XP level 2. HP: 16/19 MP: 2/2
   560 | D:1      | Reached skill level 3 in Maces & Flails
   832 | D:2      | Found a shimmering altar of Xom.
   880 | D:1      | Reached XP level 3. HP: 23/23 MP: 3/3
  1184 | D:2      | Reached skill level 4 in Maces & Flails
  1287 | D:2      | Reached XP level 4. HP: 21/28 MP: 4/4
  1697 | D:3      | Noticed Natasha
  1711 | D:3      | Killed Natasha
  1892 | D:3      | Noticed Natasha
  1900 | D:3      | Killed Natasha
  1900 | D:3      | Reached XP level 5. HP: 24/32 MP: 5/5
  1964 | D:3      | Noticed Natasha
  1972 | D:3      | Killed Natasha
  1975 | D:3      | Noticed Terence
  1981 | D:3      | Killed Terence
  1994 | D:3      | Noticed Ijyb
  2076 | D:3      | Killed Ijyb
  2076 | D:3      | Reached skill level 5 in Maces & Flails
  2619 | D:3      | Found a runed translucent door.
  2620 | D:3      | Noticed Crazy Yiuf
  2628 | D:3      | Killed Crazy Yiuf
  2628 | D:3      | Reached XP level 6. HP: 38/38 MP: 6/6
  2921 | D:4      | Noticed Seacu's ghost (amateur FeCj)
  3033 | D:4      | Found a runed translucent gate.
  3033 | D:4      | Found a runed translucent gate.
  3033 | D:4      | Found a runed translucent gate.
  3387 | D:4      | Killed Seacu's ghost
  3627 | D:4      | Got a steaming chain mail
  3657 | D:4      | Identified the +6 chain mail of Instinct {*Drain +Blink rC-
                  | Str+9} (You found it on level 4 of the Dungeon)
  3690 | D:5      | Entered Level 5 of the Dungeon
  3705 | D:5      | Reached XP level 7. HP: 44/44 MP: 7/7
  3838 | D:5      | Found a staircase to the Ecumenical Temple.
  3850 | Temple   | Entered the Ecumenical Temple
  3866 | Temple   | Became a worshipper of Qazlal Stormbringer
  4296 | D:5      | Reached skill level 6 in Maces & Flails
  4843 | D:6      | Reached skill level 5 in Armour
  4855 | D:6      | Reached skill level 5 in Fighting
  4855 | D:6      | Reached skill level 5 in Shields
  4855 | D:6      | Reached XP level 8. HP: 47/49 MP: 8/8
  4964 | D:6      | Reached skill level 7 in Maces & Flails
  5435 | D:6      | Reached * piety under Qazlal
  5474 | D:6      | Reached XP level 9. HP: 37/55 MP: 9/9
  5565 | D:6      | Reached skill level 8 in Maces & Flails
  5707 | D:6      | Got a brightly glowing mace
  5708 | D:6      | Identified the +8 mace of the Purse {freeze, *Slow rF-
                  | MR+++ SInv} (You found it on level 6 of the Dungeon)
  5754 | D:7      | Noticed Pikel
  5776 | D:7      | Killed Pikel
  6133 | D:7      | Reached skill level 9 in Maces & Flails
  6801 | D:8      | Noticed Psyche
  6807 | D:8      | Killed Psyche
  6807 | D:8      | Reached XP level 10. HP: 52/63 MP: 10/10
  7261 | D:9      | Noticed a manticore
  7261 | D:9      | Noticed a gargoyle
  7261 | D:9      | Noticed a five-headed hydra
  7262 | D:9      | Noticed a skeletal warrior
  7271 | D:9      | Killed a five-headed hydra
  7271 | D:9      | Reached skill level 10 in Maces & Flails
  7284 | D:9      | Killed a manticore
  7284 | D:9      | Reached ** piety under Qazlal
  7309 | D:9      | Killed a skeletal warrior
  7314 | D:9      | Killed a gargoyle
  7327 | D:9      | Identified the Collected Works on Unstable Evil Magic
  7330 | D:9      | Got a bound jade ring
  7345 | D:9      | Identified the ring "Remeteaph" {rPois rCorr Int+3} (You
                  | found it on level 9 of the Dungeon)
  7508 | D:9      | Reached skill level 1 in Invocations
  7508 | D:9      | Reached skill level 1 in Evocations
  7514 | D:9      | Reached XP level 11. HP: 69/69 MP: 10/12
  7579 | D:9      | Got a scorched helmet
  7585 | D:9      | Identified the +1 helmet "Vamoip" {rPois Dex+4} (You found
                  | it on level 9 of the Dungeon)
  8076 | D:10     | Entered Level 10 of the Dungeon
  8160 | D:10     | Noticed an unseen horror
  8174 | D:10     | Killed an unseen horror
  8292 | D:10     | Reached skill level 5 in Evocations
  8530 | D:10     | Noticed an ice dragon
  8555 | D:10     | Killed an ice dragon
  8555 | D:10     | Reached skill level 5 in Invocations
  9029 | D:10     | Found a staircase to the Lair.
  9160 | D:10     | Found a runed translucent gate.
  9160 | D:10     | Found a runed translucent gate.
  9160 | D:10     | Found a runed translucent gate.
  9161 | D:10     | Noticed Gargoyl's ghost (novice CeAK)
  9329 | Lair:1   | Entered Level 1 of the Lair of Beasts
  9493 | Lair:1   | Noticed a six-headed hydra
  9501 | Lair:1   | Killed a six-headed hydra
  9810 | Lair:1   | Reached XP level 12. HP: 75/75 MP: 17/17
 10244 | Lair:2   | Reached skill level 11 in Maces & Flails
 10245 | Lair:2   | Noticed an eight-headed hydra
 10246 | Lair:2   | Reached *** piety under Qazlal
 10256 | Lair:2   | Killed an eight-headed hydra
 10851 | Lair:2   | Found a staircase to the Swamp.
 11039 | Lair:3   | Noticed a seven-headed hydra
 11049 | Lair:3   | Killed a seven-headed hydra
 11306 | Lair:3   | Found a frozen archway.
 11872 | Lair:4   | Found a staircase to the Snake Pit.
 12104 | Lair:4   | Noticed a death yak
 12106 | Lair:4   | Noticed a death yak
 12108 | Lair:4   | Noticed a seven-headed hydra
 12117 | Lair:4   | Noticed a death yak
 12120 | Lair:4   | Killed a seven-headed hydra
 12128 | Lair:3   | Killed a death yak
 12128 | Lair:3   | Reached XP level 13. HP: 80/80 MP: 3/20
 12146 | Lair:4   | Reached skill level 12 in Maces & Flails
 12367 | Lair:4   | Reached skill level 10 in Invocations
 12630 | Lair:4   | Found a runed translucent door.
 12679 | Lair:4   | Reached skill level 10 in Armour
 13008 | Lair:4   | Reached skill level 10 in Fighting
 13013 | Lair:4   | Reached skill level 10 in Shields
 13160 | Lair:4   | Got a crystal short sword
 13165 | Lair:4   | Identified the +3 short sword "Newtbane" {pierce, rElec rC+
                  | SInv Stlth+} (You found it on level 4 of the Lair of
                  | Beasts)
 13400 | Lair:5   | Found the ring of Phasing {EV+8}
 13415 | Lair:5   | Reached skill level 13 in Maces & Flails
 13699 | Lair:5   | Found a staircase to the Slime Pits.
 14221 | Lair:6   | Entered Level 6 of the Lair of Beasts
 14251 | Lair:6   | Gained mutation: Your large and strong wings let you fly
                  | indefinitely. [Gargoyle growth]
 14251 | Lair:6   | Reached XP level 14. HP: 88/88 MP: 21/21
 15438 | Lair:6   | Noticed a dire elephant
 15449 | Lair:6   | Killed a dire elephant
 15449 | Lair:6   | Reached skill level 14 in Maces & Flails
 15994 | Lair:1   | Upgraded the game from 0.24-a0-580-g6a6c3f83c1 to
                  | 0.24-a0-581-gc0fa6600bf
 16093 | D:11     | Found a staircase to the Orcish Mines.
 16323 | D:10     | Killed Gargoyl's ghost
 16661 | D:11     | Found a white marble altar of Elyvilon.
 17538 | D:12     | Found a stormy altar of Qazlal.
 18041 | D:13     | Reached XP level 15. HP: 96/96 MP: 22/22
 18233 | D:13     | Got a slimy ivory ring
 18238 | D:13     | Identified the ring of the Bouncing Emperors {rN+ Str+6}
                  | (You found it on level 13 of the Dungeon)
 18338 | D:13     | Found a gate to the Vaults.
 18467 | D:13     | Noticed Nessos
 18487 | D:13     | Killed Nessos
 18511 | D:13     | Reached **** piety under Qazlal
 18550 | D:13     | Reached skill level 15 in Maces & Flails
 18966 | D:14     | Found an opulent altar of Gozag.
 19714 | D:15     | Entered Level 15 of the Dungeon
 20228 | D:15     | Found Jusitt's Assorted Antiques.
 20332 | D:15     | Reached ***** piety under Qazlal
 20529 | D:15     | Found Kinnokko's General Store.
 20552 | D:15     | Found Fuklo's Assorted Antiques.
 20576 | D:15     | Found a staircase to the Depths.
 20686 | D:15     | Bought a small ruby ring for 90 gold pieces
 20686 | D:15     | Bought a runed scarf for 144 gold pieces
 20907 | Orc:1    | Entered Level 1 of the Orcish Mines
 21346 | Orc:2    | Entered Level 2 of the Orcish Mines
 21386 | Orc:2    | Noticed an orc warlord
 21595 | Orc:1    | Killed an orc warlord
 21849 | Orc:2    | Found a staircase to the Elven Halls.
 22095 | Orc:2    | Found a roughly hewn altar of Beogh.
 22104 | Orc:2    | Found Qeesush's Magic Scroll Boutique.
 22172 | Orc:2    | Found Neod Oso's Antique Weapon Boutique.
 22174 | Orc:2    | Found Yxtup's Antique Armour Shop.
 22175 | Orc:2    | Found a roughly hewn altar of Beogh.
 22207 | Orc:2    | Bought a transparent shield for 275 gold pieces
 22223 | Orc:2    | Identified the cursed +0 shield of Hedging {rElec rC+ MP-9
                  | Int+5} (You bought it in a shop on level 2 of the Orcish
                  | Mines)
 22314 | Orc:2    | Found a roughly hewn altar of Beogh.
 22323 | Orc:2    | Found Gaivian's Distillery.
 22395 | Orc:2    | Found a roughly hewn altar of Beogh.
 22510 | Orc:2    | Reached XP level 16. HP: 103/103 MP: 23/23
 22595 | Orc:2    | Found a roughly hewn altar of Beogh.
 22636 | Orc:2    | Found a roughly hewn altar of Beogh.
 22954 | Swamp:1  | Entered Level 1 of the Swamp
 23037 | Swamp:1  | Reached skill level 16 in Maces & Flails
 23387 | Swamp:1  | Noticed a tentacled monstrosity
 23399 | Swamp:1  | Killed a tentacled monstrosity
 23748 | Swamp:2  | Noticed Jorgrun
 23752 | Swamp:2  | Killed Jorgrun
 23827 | Swamp:2  | Got a fine great sword
 23946 | Swamp:2  | Identified the +6 great sword of Contention {flame, +Blink
                  | Str+2} (You found it on level 2 of the Swamp)
 24216 | Swamp:2  | Noticed Roxanne
 24245 | Swamp:2  | Killed Roxanne
 24551 | Swamp:3  | Noticed Bai Suzhen
 25142 | Swamp:3  | Killed Bai Suzhen
 25545 | Swamp:4  | Entered Level 4 of the Swamp
 25554 | Swamp:4  | Noticed a thorn hunter
 25555 | Swamp:4  | Noticed a thorn hunter
 25650 | Swamp:3  | Killed a thorn hunter
 25901 | Swamp:3  | Reached XP level 17. HP: 95/108 MP: 23/27
 26259 | Swamp:3  | Reached skill level 15 in Invocations
 26404 | Swamp:4  | Got a crystal war axe
 26421 | Swamp:4  | Got a decaying rune of Zot
 27269 | Lair:1   | Identified the +7 war axe of Turmoil {antimagic, rElec}
                  | (You found it on level 4 of the Swamp)
 27328 | Snake:1  | Entered Level 1 of the Snake Pit
 27355 | Snake:1  | Noticed Kirke
 27375 | Snake:1  | Killed Kirke
 27759 | Snake:1  | Noticed Rupert
 27778 | Snake:1  | Killed Rupert
 28522 | Snake:2  | Noticed Aizul
 28554 | Snake:2  | Killed Aizul
 28595 | Snake:2  | Reached skill level 17 in Maces & Flails
 28712 | Snake:2  | You are sucked into a shaft and drop 1 floor!
 28807 | Snake:3  | Noticed Vashnia
 28818 | Snake:3  | Reached XP level 18. HP: 108/116 MP: 25/29
 28904 | Snake:3  | Killed Vashnia
 30952 | Snake:4  | Entered Level 4 of the Snake Pit
 31286 | Snake:4  | Reached skill level 18 in Maces & Flails
 31838 | Snake:4  | Reached XP level 19. HP: 122/122 MP: 30/30
 32296 | Snake:4  | Got a serpentine rune of Zot
 32680 | Vaults:1 | Entered Level 1 of the Vaults
 32744 | Vaults:1 | Reached ****** piety under Qazlal
 32762 | Vaults:1 | Reached skill level 15 in Shields
 32771 | Vaults:1 | Reached skill level 15 in Armour
 32778 | Vaults:1 | Reached skill level 15 in Fighting
 33251 | Vaults:1 | Reached skill level 19 in Maces & Flails
 34275 | Vaults:1 | Got a bloodstained flail
 34310 | Vaults:1 | Identified the +7 flail of Nairr {crush, rF++ MR-} (You
                  | found it on level 1 of the Vaults)
 34501 | Vaults:2 | Reached XP level 20. HP: 130/130 MP: 31/31
 34575 | Vaults:2 | Noticed Nikola
 34812 | Vaults:1 | Killed Nikola
 34868 | Vaults:2 | Noticed a Tzitzimitl
 36151 | Vaults:3 | Reached skill level 20 in Maces & Flails
 36231 | Vaults:3 | Found Zaociwi's Book Emporium.
 36932 | Vaults:3 | Reached XP level 21. HP: 134/137 MP: 32/32
 37418 | Vaults:3 | Noticed Xtahua
 37437 | Vaults:3 | Killed Xtahua
 38162 | Vaults:3 | Found a staircase to the Crypt.
 38751 | Vaults:4 | Noticed Sojobo
 38798 | Vaults:4 | Killed Sojobo
 39945 | Depths:1 | Entered Level 1 of the Depths
 39997 | Depths:1 | Reached XP level 22. HP: 144/144 MP: 34/34
 40069 | Depths:1 | Found a gateway to Hell.
 40657 | Depths:1 | Found a runed translucent door.
 40658 | Depths:1 | Noticed Nuvvusock's ghost (adept GnWz)
 40961 | Depths:1 | Killed Nuvvusock's ghost
 41019 | Depths:2 | Reached skill level 21 in Maces & Flails
 41211 | Depths:2 | Found Niorref's Food Emporium.
 41384 | Depths:2 | Identified the ring of Sypem {rPois Str+6}
 41385 | Depths:2 | Found a transporter.
 41386 | Depths:2 | Found Tiwor's Armour Emporium.
 41964 | Depths:2 | Found Sierphuex's Assorted Antiques.
 41996 | Depths:2 | Found Ampe's General Store.
 42003 | Depths:2 | Noticed a golden dragon
 42004 | Depths:2 | Found a transporter.
 42090 | Depths:2 | Found Orudesan's Antique Armour Boutique.
 42212 | Depths:2 | Found a one-way gate leading to the halls of Pandemonium.
 42793 | Depths:3 | Reached XP level 23. HP: 111/150 MP: 16/36
 43125 | Depths:3 | Noticed a golden dragon
 43132 | Depths:3 | Identified the +3 trident of Honour {pierce, *Rage Int+3}
 43140 | Depths:3 | Killed a golden dragon
 44275 | Depths:3 | Noticed a golden dragon
 44288 | Depths:3 | Killed a golden dragon
 44288 | Depths:3 | Reached skill level 22 in Maces & Flails
 44788 | Depths:3 | Found a one-way gate to the infinite horrors of the Abyss.
 45301 | Elf:1    | Entered Level 1 of the Elven Halls
 45382 | Elf:1    | Found Sasmepn's Antique Weapon Boutique.
 45957 | Elf:2    | Found Memeadess's Jewellery Emporium.
 45957 | Elf:2    | Found Jebyoxt's Gadget Boutique.
 45958 | Elf:2    | Found Cor Huf's Jewellery Emporium.
 46321 | Elf:2    | Found a runed translucent gate.
 46321 | Elf:2    | Found a runed translucent gate.
 46321 | Elf:2    | Found a runed translucent gate.
 46441 | Elf:2    | Found an opulent altar of Gozag.
 46442 | Elf:2    | Noticed Lanycw Bisch's ghost (adept GnFi)
 46444 | Elf:2    | Found Vomocvy's Assorted Antiques.
 46457 | Elf:2    | Gained mutation: You are occasionally teleported next to
                  | monsters. [a neqoxec]
 46514 | Elf:2    | Killed Lanycw Bisch's ghost
 47160 | Elf:2    | Found a runed translucent gate.
 47160 | Elf:2    | Found a runed translucent gate.
 47165 | Elf:2    | Found a runed translucent gate.
 47260 | Elf:2    | Lost mutation: You are occasionally teleported next to
                  | monsters. [potion of mutation]
 47260 | Elf:2    | Gained mutation: You are clumsy. (Dex -2) [potion of
                  | mutation]
 47260 | Elf:2    | Gained mutation: You occasionally shout uncontrollably at
                  | your foes. [potion of mutation]
 47260 | Elf:2    | Gained mutation: You expend magic power (3 MP) to
                  | strengthen your wands. [potion of mutation]
 47261 | Elf:2    | Lost mutation: You expend magic power (3 MP) to strengthen
                  | your wands. [potion of mutation]
 47261 | Elf:2    | Lost mutation: You are clumsy. (Dex -2) [potion of
                  | mutation]
 47261 | Elf:2    | Lost mutation: You occasionally shout uncontrollably at
                  | your foes. [potion of mutation]
 47261 | Elf:2    | Gained mutation: [Scrolls take you a little longer to
                  | read.] [potion of mutation]
 47261 | Elf:2    | Gained mutation: You expend magic power (3 MP) to
                  | strengthen your wands. [potion of mutation]
 47262 | Elf:2    | Lost mutation: [Scrolls take you a little longer to read.]
                  | [potion of mutation]
 47262 | Elf:2    | Lost mutation: You expend magic power (3 MP) to strengthen
                  | your wands. [potion of mutation]
 47262 | Elf:2    | Gained mutation: You are resistant to hostile enchantments.
                  | (MR+) [potion of mutation]
 47262 | Elf:2    | Gained mutation: You have a pair of small horns on your
                  | head. [potion of mutation]
 47262 | Elf:2    | Gained mutation: You can translocate small distances at
                  | will. [potion of mutation]
 47263 | Elf:2    | Lost mutation: You have a pair of small horns on your head.
                  | [potion of mutation]
 47263 | Elf:2    | Lost mutation: You can translocate small distances at will.
                  | [potion of mutation]
 47263 | Elf:2    | Lost mutation: You are resistant to hostile enchantments.
                  | (MR+) [potion of mutation]
 47263 | Elf:2    | Gained mutation: [You are dopey. (Int -2)] [potion of
                  | mutation]
 47263 | Elf:2    | Gained mutation: You are somewhat resistant to further
                  | mutation. [potion of mutation]
 47305 | Elf:3    | Entered Level 3 of the Elven Halls
 47402 | Elf:3    | Reached XP level 24. HP: 114/158 MP: 27/36
 47960 | Elf:3    | Identified the ring of Obsession {rC+ MR+}
 48510 | Elf:3    | Identified the Almanac of the Damaging Blaze
 48546 | Elf:3    | Identified the Catalogue of the Blistering Compass
 48555 | Elf:3    | Identified the Papyrus of Fiery Augmentations
 48572 | Elf:3    | Identified the Catalogue of Fetching Evil
 48582 | Elf:3    | Got a smoking helmet
 48593 | Elf:3    | Identified the +1 helmet of Least Resistance {rC+} (You
                  | found it on level 3 of the Elven Halls)
 48896 | Elf:3    | Reached skill level 23 in Maces & Flails
 49630 | Slime:1  | Entered Level 1 of the Pits of Slime
 53456 | Slime:3  | Reached XP level 25. HP: 90/165 MP: 25/36
 55659 | Slime:5  | Entered Level 5 of the Pits of Slime
 55704 | Slime:5  | Gained mutation: Your magical capacity is low. (-10% MP) [a
                  | shining eye]
 55861 | Slime:5  | Gained mutation: You occasionally shout uncontrollably at
                  | your foes. [a shining eye]
 55862 | Slime:5  | Gained mutation: You sometimes yell uncontrollably at your
                  | foes. [a shining eye]
 55869 | Slime:4  | Lost mutation: [You are dopey. (Int -2)] [a shining eye]
 55875 | Slime:4  | Gained mutation: [You are dopey. (Int -2)] [a shining eye]
 56083 | Slime:4  | Gained mutation: You are partially covered in thin metallic
                  | scales. (AC +2) [a shining eye]
 56140 | Slime:5  | Noticed the Royal Jelly
 56922 | Slime:5  | Killed the Royal Jelly
 56922 | Slime:5  | Reached skill level 24 in Maces & Flails
 57440 | Slime:5  | Got a scintillating lead ring
 57486 | Slime:5  | Got a warped mace
 57502 | Slime:5  | Got a slimy rune of Zot
 57504 | Slime:5  | Got an ichor-stained flail
 57592 | Slime:5  | Identified the +1 ring mail of Leaves {rF+ Int+3} (You
                  | found it on level 5 of the Pits of Slime)
 57598 | Slime:5  | Identified the +10 mace "Lauwnususk" {crush, rPois} (You
                  | found it on level 5 of the Pits of Slime)
 57599 | Slime:5  | Identified the +5 flail of Conservatism {antimagic, *Rage
                  | rElec Dex+6} (You found it on level 5 of the Pits of Slime)
 57996 | Lair:1   | Lost mutation: Your magical capacity is low. (-10% MP)
                  | [potion of mutation]
 57996 | Lair:1   | Lost mutation: [You are dopey. (Int -2)] [potion of
                  | mutation]
 57996 | Lair:1   | Lost mutation: You are partially covered in thin metallic
                  | scales. (AC +2) [potion of mutation]
 58015 | Lair:1   | Identified the ring of Qoely {MR+ MP-9 AC+1 SInv Stlth+}
                  | (You found it on level 5 of the Pits of Slime)
 58287 | Depths:3 | Voluntarily entered the Abyss.
 58288 | Abyss:1  | Found a corrupted altar of Lugonu.
 58519 | Abyss:1  | Paralysed by accursed screaming for 1 turns
 58677 | Abyss:2  | Paralysed by accursed screaming for 1 turns
 58719 | Abyss:2  | Found a corrupted altar of Lugonu.
 58724 | Abyss:2  | Got a faintly humming leather armour
 58792 | Abyss:2  | Found a stormy altar of Qazlal.
 58842 | Abyss:2  | Paralysed by accursed screaming for 1 turns
 58958 | Depths:3 | Escaped the Abyss
 59248 | Depths:3 | Identified the +5 leather armour of Tiexoeta {rF+ rCorr
                  | Int+3 Dex+2} (You found it on level 2 of the Abyss)
 59254 | Depths:3 | Voluntarily entered the Abyss.
 59374 | Abyss:1  | Gained mutation: Your natural rate of healing is unusually
                  | fast. [a neqoxec]
 59752 | Abyss:1  | Paralysed by accursed screaming for 2 turns
 59866 | Abyss:1  | Paralysed by accursed screaming for 1 turns
 60231 | Abyss:1  | Reached XP level 26. HP: 92/173 MP: 21/36
 60281 | Abyss:1  | Found a corrupted altar of Lugonu.
 60294 | Abyss:1  | Found a corrupted altar of Lugonu.
 60542 | Abyss:1  | Paralysed by accursed screaming for 1 turns
 60617 | Abyss:1  | Found a corrupted altar of Lugonu.
 60897 | Abyss:2  | Got a scorched war axe
 61085 | Abyss:2  | Found a corrupted altar of Lugonu.
 61161 | Abyss:2  | Found a corrupted altar of Lugonu.
 61237 | Abyss:2  | Found a snail-covered altar of Cheibriados.
 61289 | Abyss:2  | Paralysed by accursed screaming for 1 turns
 61296 | Abyss:2  | Paralysed by accursed screaming for 1 turns
 61590 | Abyss:3  | Paralysed by accursed screaming for 2 turns
 61597 | Abyss:3  | Paralysed by accursed screaming for 1 turns
 61971 | Abyss:3  | Paralysed by accursed screaming for 1 turns
 61986 | Abyss:3  | Reached skill level 25 in Maces & Flails
 62340 | Abyss:3  | Identified the +4 war axe of Slow Death {chop, Str+7} (You
                  | found it on level 2 of the Abyss)
 62700 | Abyss:3  | Found a sparkling altar of Nemelex Xobeh.
 63011 | Abyss:3  | Paralysed by accursed screaming for 1 turns
 63014 | Abyss:3  | Paralysed by accursed screaming for 1 turns
 63058 | Abyss:3  | HP: 3/122 [daeva/divine providence (8)]
 63060 | Abyss:3  | Killed from afar by a daeva

Levels and vault maps discovered:
D:1:      dpeg_arrival_boxorama, layout_basic, minmay_strange_pillars,
          roderic_lattice_a
D:2:      layout_basic, old_standard_altar, kennysheep_generic_room_2
D:3:      layout_loops_ring, uniq_terence, uniq_ijyb, uniq_natasha,
          uniq_crazy_yiuf_cottage
D:4:      layout_gridville, first_ration, gammafunk_ghost_icy
D:5:      layout_loops_corners, minmay_temple_entry_sparse_star
D:6:      layout_basic
D:7:      layout_basic, water_maze_lemuel, uniq_pikel
D:8:      layout_loops_ring, serial_glass, glass_columns_a, glass_columns_b,
          uniq_psyche
D:9:      minmay_the_grid_triangle_9x9_recursive_2_mashed
          [minmay_the_grid_triangle_9x9_prize_center,
          minmay_the_grid_triangle_9x9_sprig,
          minmay_the_grid_triangle_9x9_odd_lines,
          minmay_the_grid_triangle_9x9_swiss_cheese], layout_grid_maze
D:10:     dragon1_lemuel, layout_stronghold, david_lair_shrubbed,
          gammafunk_ghost_spectres
D:11:     layout_loops_ring, orc_0_dummy, basic_altar, nrook_mini_backslash
D:12:     layout_irregular_city, basic_altar
D:13:     layout_loops_cross, skrybe_vaults_entry_preservation, uniq_nessos
D:14:     layout_gridville, nicolae_gozag_seed_capital, blue_anna_alchemist
          [blue_anna_fruit_fields, blue_anna_fruit_fields]
D:15:     hangedman_depths_entry_civil_slaughter, layout_cave_pods,
          chequers_serial_rivers_small_a, serial_shops,
          nicolae_shop_window_shopping, nicolae_shop_crystal,
          nicolae_shop_window_shopping
Temple:   roderic_octagonal_lattice_temple
Lair:1:   layout_hall_layers
Lair:2:   layout_regular_city, swamp_mist_pool, grunt_megastairs_4
Lair:3:   layout_chaotic_city, portal_ice_cave_entry_pillars_2
Lair:4:   gammafunk_lair_enchanted_lake, layout_regular_city,
          minmay_snake_entry_guardpost_small, beast_lair_carwin_8
Lair:5:   layout_big_grid, slime_dummy, grunt_megastairs_3,
          minmay_lair_oklob_chamber
Lair:6:   hangedman_lair_in_review, layout_layer_cave, minivault_24
Swamp:1:  layout_falls_marsh, nicolae_swamp_treefoil, swamp_pool1
Swamp:2:  layout_basic_swamp, nicolae_swamp_round_clearing, uniq_roxanne,
          uniq_jorgrun
Swamp:3:  layout_basic_swamp, evilmike_swamp_ruin_house_4, uniq_bai_suzhen
Swamp:4:  swamp_alternative, layout_basic_swamp, infiniplex_staircase_pool
Snake:1:  layout_grid_maze, uniq_rupert, uniq_kirke
Snake:2:  nicolae_aizul_guard, layout_layer_cave
Snake:3:  layout_layer_cave, uniq_vashnia
Snake:4:  grunt_snake_rune_serpentine_throne, layout_rooms
Slime:1:  cheibrodos_slime_lost_civilization_8, layout_caves
Slime:2:  cheibrodos_slime_lost_civilization_1, layout_caves,
          nicolae_slime_phagocytosis
Slime:3:  layout_caves, nicolae_slime_barrier,
          cheibrodos_slime_lost_civilization_4
Slime:4:  layout_caves
Slime:5
Orc:1:    layout_caves
Orc:2:    grunt_orc_community_town_hall, layout_caves,
          grunt_orc_community_big_house_2, grunt_orc_community_big_house_1,
          grunt_orc_community_house_2, grunt_orc_community_house_1,
          grunt_orc_community_house_2, grunt_orc_community_house_2,
          grunt_orc_community_house_1, grunt_orc_community_house_2
Elf:1:    layout_geoelf_octagon, serial_shops, shop,
          kennysheep_underground_church, nicolae_elf_big_sculpture_2
Elf:2:    layout_gridlike, ebering_ghost_gozag, minmay_shop_grove
Elf:3:    minmay_elf_hall_not_hex, layout_geoelf_grid, library_closet,
          minmay_misc_feat_diagonals, feat_on_display
Vaults:1: nicolae_vaults_alarming, hangedman_vaults_cutoff,
          vaults_mumra_minichess_inversion, ontoclasm_vaults_tryst, st_lattice,
          layout_vaults_chaotic_city
Vaults:2: nicolae_vaults_circle_grid_a, vaults_mumra_bighexcomb,
          nicolae_vaults_asterisk, nicolae_vaults_shelves_hall,
          vaults_room_fours, v_pattern_3, v_misc_12, hangedman_vaults_slice,
          dpeg_vaults_monster_box, vaults_room_pool, layout_vaults_ring,
          uniq_nikola
Vaults:3: vaults_dpeg_encased_lava, hangedman_vaults_hat,
          hangedman_vaults_restitches, nicolae_vaults_network_periphery,
          hangedman_vaults_slither, minmay_crypt_entry_skeletal_spiral,
          hangedman_vaults_impose, v_alt_pattern_3, hangedman_vaults_nails,
          serial_ice_m, nicolae_vaults_an_arrangement, layout_vaults_maze,
          serial_shops, nicolae_shop_stone, uniq_xtahua
Vaults:4: v_misc_1, ontoclasm_vaults_fault, nicolae_vaults_display_case,
          layout_vaults_omnigrid, uniq_sojobo
Depths:1: layout_gridlike, hangedman_geh_valley, ebering_ghost_inner_flame,
          hex_intersection, kennysheep_generic_room_3
Depths:2: gammafunk_sealed_arena, layout_cave_pools, serial_shops,
          nicolae_shop_waterfront, shop, shop, nicolae_shop_window_shopping,
          nicolae_shop_trees, grunt_pan_entry_in_and_out, hell_entry
Depths:3: grunt_runaround [grunt_runaround_doors_1, grunt_runaround_doors_2,
          grunt_runaround_doors_3, grunt_runaround_doors_4,
          grunt_runaround_loot], pan_entry, hell_entry, abyss_entry
Abyss:3:  minivault_19, evilmike_abyss_rune_ettins, evilmike_abyss_exit_6,
          doesnt_abyss_rune_brain_food, hangedman_summoners_spam,
          hangedman_abyss_monster_moat, evilmike_abyss_exit_5,
          evilmike_abyss_exit_12, dshaligram_kb_abyss_rune_zappy_water_cross,
          guppyfry_abyss_exit_glass_guarded,
          evilmike_nicolae_abyss_rune_containment_curve,
          guppyfry_abyss_exit_imp_island, grunt_abyss_rune_wretched_hive,
          guppyfry_abyss_exit_imp_island, nicolae_abyss_rune_left_handed,
          evilmike_abyss_rune_siren_acolytes, evilmike_abyss_rune_ettins

Skill      XL: |  1  2  3  4  5  6  7  8  9 10 11 12 13 14 15 16 17 18 19 20 21 22 23 24 25 26 |
---------------+-------------------------------------------------------------------------------+-----
Maces & Flails | 3 4 5 6 7 9 10 11 13 14 15 16 17 18 19 20 21 22 23 24 25 | 25.2
Fighting       | 4 5 6 7 8 9 10 11 12 13 14 15 16 17 18 19 20 | 20.4
Armour         | 4 5 6 7 8 9 10 11 12 13 14 15 16 17 18 19 20 | 20.5
Shields        | 4 5 6 7 8 9 10 11 12 13 14 15 16 17 18 19 20 | 20.5
Invocations    | 1 7 9 10 14 15 17 18 | 18.0
Evocations     | 2 7 |  7.1

Action                   |  1- 3 |  4- 6 |  7- 9 | 10-12 | 13-15 | 16-18 | 19-21 | 22-24 | 25-27 || total
-------------------------+-------+-------+-------+-------+-------+-------+-------+-------+-------++-------
Melee: Flail             |   129 |   155 |   225 |       |       |       |       |       |       ||   509
       Unarmed           |       |    36 |       |       |       |       |       |       |       ||    36
       Mace              |       |       |   100 |   522 |  1355 |  1432 |  1807 |  2006 |  2172 ||  9394
Invok: Upheaval          |       |       |       |    10 |    29 |    21 |    20 |    42 |    14 ||   136
       Disaster Area     |       |       |       |       |     1 |       |       |       |       ||     1
       Elemental Force   |       |       |       |       |       |       |       |     1 |     2 ||     3
 Abil: Fly               |       |       |       |       |     1 |       |       |       |       ||     1
       Evoke Blink       |       |       |       |       |       |     4 |     3 |     8 |    10 ||    25
Evoke: Wand              |       |       |       |       |     7 |       |     1 |     5 |     3 ||    16
       Lightning rod     |       |       |       |       |     5 |       |       |       |       ||     5
  Use: Scroll            |       |     9 |     6 |     3 |    19 |     8 |     5 |    12 |    27 ||    89
       Potion            |       |     2 |       |     7 |     1 |     7 |     4 |     4 |    25 ||    50
 Stab: Petrified         |       |       |       |       |     6 |       |       |       |       ||     6
       Paralysed         |       |       |       |       |       |       |       |       |     2 ||     2
  Eat: Chunk             |     1 |     7 |     8 |    16 |    30 |    18 |    20 |    14 |     6 ||   120
       Ration            |       |     1 |       |     1 |     2 |     4 |     3 |     9 |     9 ||    29
Armor: Scale mail        |    53 |    76 |       |       |       |       |       |       |       ||   129
       Skin              |       |     6 |       |     4 |       |       |       |       |       ||    10
       Chain mail        |       |     4 |   169 |   270 |   342 |   555 |   269 |   583 |   691 ||  2883
Dodge: Dodged            |    25 |    80 |    80 |   101 |   373 |   465 |   305 |   463 |   703 ||  2595
       Deflected         |       |       |       |       |     5 |    53 |    16 |    46 |    49 ||   169
Block: Shield            |    76 |    68 |   230 |   431 |   471 |       |       |       |       ||  1276
       Large shield      |       |       |       |       |   996 |  2108 |  2011 |  2500 |  3265 || 10880

Table legend:
 A = Non-vault XP
 B = Vault XP
 C = Vault XP percentage of total XP
 D = Non-vault monster count
 E = Vault monster count
 F = Vault count percentage of total count
                 A         B        C        D         E       F
            +---------+---------+-------+---------+---------+-------
      Total |  764630 |  479180 |  38.5 |    1752 |     613 |  25.9
            +---------+---------+-------+---------+---------+-------
        D:1 |      62 |       0 |   0.0 |      16 |       0 |   0.0
        D:2 |      45 |      11 |  19.6 |      17 |       2 |  10.5
        D:3 |      93 |     145 |  60.9 |      11 |       4 |  26.7
        D:4 |      70 |     181 |  72.1 |       7 |       7 |  50.0
        D:5 |     493 |       0 |   0.0 |      22 |       0 |   0.0
        D:6 |    1348 |       0 |   0.0 |      27 |       0 |   0.0
        D:7 |     967 |     685 |  41.5 |      18 |       1 |   5.3
        D:8 |     556 |     410 |  42.4 |      15 |       1 |   6.2
        D:9 |    1945 |    3209 |  62.3 |      30 |       8 |  21.1
       D:10 |    5485 |    3164 |  36.6 |      34 |       8 |  19.0
       D:11 |    6222 |       0 |   0.0 |      24 |       0 |   0.0
       D:12 |    3352 |       0 |   0.0 |      21 |       0 |   0.0
       D:13 |    5587 |    5187 |  48.1 |      28 |      10 |  26.3
       D:14 |    7029 |       0 |   0.0 |      31 |       0 |   0.0
       D:15 |   11705 |    4925 |  29.6 |      29 |       7 |  19.4
     Lair:1 |    2607 |       0 |   0.0 |      10 |       0 |   0.0
     Lair:2 |    5991 |     105 |   1.7 |      25 |       1 |   3.8
     Lair:3 |    4509 |    4000 |  47.0 |      22 |       7 |  24.1
     Lair:4 |    4862 |    7276 |  59.9 |      18 |      14 |  43.8
     Lair:5 |    5273 |    2911 |  35.6 |      19 |       7 |  26.9
     Lair:6 |    8108 |   11361 |  58.4 |      36 |      21 |  36.8
    Swamp:1 |   14075 |       0 |   0.0 |      19 |       0 |   0.0
    Swamp:2 |    6509 |    4858 |  42.7 |      19 |       2 |   9.5
    Swamp:3 |   17913 |   15985 |  47.2 |      42 |      15 |  26.3
    Swamp:4 |    6059 |    5587 |  48.0 |      13 |       9 |  40.9
    Snake:1 |   13927 |    5690 |  29.0 |      25 |       5 |  16.7
    Snake:2 |   13752 |   10293 |  42.8 |      29 |       8 |  21.6
    Snake:3 |   17138 |    8420 |  32.9 |      33 |       5 |  13.2
    Snake:4 |   18719 |   45193 |  70.7 |      32 |      65 |  67.0
    Slime:1 |   18789 |     268 |   1.4 |      24 |       1 |   4.0
    Slime:2 |   36307 |     518 |   1.4 |      45 |       1 |   2.2
    Slime:3 |   31503 |       0 |   0.0 |      44 |       0 |   0.0
    Slime:4 |   19899 |    6609 |  24.9 |      29 |       5 |  14.7
    Slime:5 |   10542 |   22641 |  68.2 |      18 |       8 |  30.8
      Orc:1 |     754 |    2925 |  79.5 |      17 |      12 |  41.4
      Orc:2 |    1976 |    3708 |  65.2 |      36 |      64 |  64.0
      Elf:1 |   10269 |    3921 |  27.6 |      16 |       6 |  27.3
      Elf:2 |    8735 |   26419 |  75.2 |      20 |      36 |  64.3
      Elf:3 |   19298 |   54100 |  73.7 |      30 |      37 |  55.2
   Vaults:1 |   53083 |   15166 |  22.2 |      92 |      14 |  13.2
   Vaults:2 |   23969 |   24262 |  50.3 |      35 |      32 |  47.8
   Vaults:3 |   48963 |   44273 |  47.5 |      77 |      53 |  40.8
   Vaults:4 |   31735 |   18493 |  36.8 |      55 |      12 |  17.9
   Depths:1 |   29371 |    4756 |  13.9 |      37 |       3 |   7.5
   Depths:2 |   36281 |   10121 |  21.8 |      45 |      17 |  27.4
   Depths:3 |     985 |   99374 |  99.0 |       4 |      95 |  96.0
    Abyss:1 |   83344 |       0 |   0.0 |     175 |       0 |   0.0
    Abyss:2 |   29449 |    1893 |   6.0 |      83 |       4 |   4.6
    Abyss:3 |   84977 |     137 |   0.2 |     198 |       6 |   2.9
            +---------+---------+-------+---------+---------+-------
